 Dungeon Crawl Stone Soup version 0.16.1-4-g8e1b745 (webtiles) character file.

212 inmateoo the Caller (level 6, -9/41 HPs)
             Began as a Formicid Summoner on Mar 27, 2015.
             Killed by divine providence
             ... invoked by an orc priest
              (15 damage)
             ... on level 3 of the Dungeon.
             The game lasted 00:05:47 (2131 turns).

inmateoo the Caller (Formicid Summoner)             Turns: 2131, Time: 00:05:47

Health: -9/41      AC:  2    Str: 12    XL:     6   Next: 13%
Magic:  7/15       EV: 12    Int: 17    God:
Gold:   77         SH:  0    Dex: 11    Spells: 3 memorised, 5 levels left

rFire  . . .     SeeInvis +     i - +3 hunting sling
rCold  . . .     Clarity  .     a - +0 robe
rNeg   . . .     SustAb   .     (no shield)
rPois  .         Gourm    .     (helmet unavailable)
rElec  .         Spirit   .     (no cloak)
rCorr  .         Warding  .     (no gloves)
rMut   .         Stasis   +     (no boots)
MR     .....                    (no amulet)
Stlth  ++........               (no ring)
                                (no ring)

@: not resistant to hostile enchantments, unstealthy
A: permanent stasis, dig shafts and tunnels, four strong arms, antennae 3
a: Dig, Shaft Self


You were on level 3 of the Dungeon.
You were hungry.

You visited 1 branch of the dungeon, and saw 3 of its levels.

You collected 77 gold pieces.

Inventory:

Hand weapons
 i - a +3 hunting sling (weapon)
 s - a +0 blowgun
Missiles
 o - 8 exploding sling bullets
 p - 33 stones (quivered)
 q - 16 poisoned needles
Armour
 a - a +0 robe (worn)
Magical devices
 r - a wand of random effects (19)
Scrolls
 g - a scroll of identify {unknown}
 j - a scroll of amnesia {unknown}
 k - 2 scrolls of remove curse
Potions
 e - 2 potions of heal wounds {unknown}
 l - a potion of cure mutation {unknown}
 m - 2 potions of agility {unknown}
Books
 b - a book of Callings

   Spells                             Type                      Level
   a - Summon Small Mammal            Summoning                    1
   b - Call Imp                       Summoning                    2
   c - Call Canine Familiar           Summoning                    3
   d - Summon Guardian Golem          Hexes/Summoning              4
   e - Summon Lightning Spire         Summoning/Air                4
   f - Summon Ice Beast               Ice/Summoning                4
Comestibles
 c - a bread ration
 d - 2 fruits
 f - a slice of pizza
 h - 2 meat rations
 n - a beef jerky


   Skills:
 + Level 3.0 Dodging
 + Level 4.0 Stealth
 + Level 3.1 Spellcasting
 * Level 5.3 Summonings


You had 5 spell levels left.
You knew the following spells:

 Your Spells              Type           Power        Failure   Level  Hunger
a - Summon Small Mammal   Summ           ###.         1%          1    None
b - Call Imp              Summ           ###.....     2%          2    ##.....
c - Call Canine Familiar  Summ           ###.....     8%          3    ###....


Dungeon Overview and Level Annotations

Branches:
Dungeon (3/15)

Altars:


Innate Abilities, Weirdness & Mutations

You are under a permanent stasis effect.
You can dig through walls and to a lower floor.
Your four strong arms can wield two-handed weapons with a shield.
You have a pair of large antennae on your head (SInv).


Message History

Unknown command.
Unknown command.
Use which ability? (? or * to list)
You can't do that.
Use which ability? (? or * to list)
Okay, then.
Unknown command.
What do you say? t - Shout!
Orders for allies: a - Attack new target. r - Retreat! s - Stop attacking. w - Wait here. f - Follow me.
Anything else - Stay silent.
Gang up on whom?
Press: ? - help, Dir - move target cursor, f - orc priest
Aim: an orc priest, wielding a flail and wearing a scale mail Attack!
The orc priest invokes the aid of Beogh against you.
Something smites you!
You die...

#..................#
#..............#####
#..............#
#..............#
#..............#
#..............#
#########.....[#
#............#
#...@.#......#
######.h...#...####
#...§5(....#...#
####..o......##.†.#
#####..)....§..5.##...#
)ogg.5##..§......##..÷# #
###################...####.#
# .........)......#.. #
#######.........#


You could see an orc priest, a friendly hound and 2 friendly crimson imps.

Vanquished Creatures
  Grinder (D:3)
  Natasha (D:3)
  A gnoll (D:3)
  2 orcs (D:3)
  A giant cockroach (D:3)
  2 goblins
  3 hobgoblins
  A quokka (D:2)
  5 bats
  6 kobolds
  4 rats
27 creatures vanquished.

Vanquished Creatures (collateral kills)
  An adder (D:2)
  3 gnolls (D:3)
  A giant mite (D:2)
  2 giant geckos
  A ball python (D:1)
  2 giant cockroaches
  A hobgoblin (D:2)
  A bat (D:1)
  3 goblins
  4 kobolds
  A rat (D:2)
20 creatures vanquished.

Vanquished Creatures (others)
  A crimson imp (D:3)
  2 hounds (D:3)
  A shadow imp (D:3)
  2 bats
  2 quokkas (D:3)
  2 rats
10 creatures vanquished.

Grand Total: 57 creatures vanquished

Notes
Turn   | Place    | Note
--------------------------------------------------------------
     0 | D:1      | inmateoo, the Formicid Summoner, began the quest for the Orb.
     0 | D:1      | Reached XP level 1. HP: 13/13 MP: 3/3
   716 | D:1      | Reached XP level 2. HP: 4/19 MP: 4/6
   960 | D:1      | Learned a level 2 spell: Call Imp
  1245 | D:2      | Reached XP level 3. HP: 5/24 MP: 5/7
  1699 | D:3      | Learned a level 3 spell: Call Canine Familiar
  1730 | D:3      | Noticed Natasha
  1735 | D:3      | Killed Natasha
  1735 | D:3      | Reached XP level 4. HP: 30/30 MP: 9/9
  1755 | D:3      | Noticed Grinder
  1820 | D:3      | Killed Grinder
  1820 | D:3      | Reached skill level 5 in Summonings
  1820 | D:3      | Reached XP level 5. HP: 5/35 MP: 0/13
  2084 | D:3      | Reached XP level 6. HP: 28/41 MP: 15/15
  2131 | D:3      | Killed from afar by an orc priest

Action                   |  1- 3 |  4- 6 || total
-------------------------+-------+-------++-------
Melee: Unarmed           |    54 |       ||    54
 Fire: Hunting sling     |    41 |    13 ||    54
 Cast: Summon Small Mamm |    24 |     3 ||    27
       Call Imp          |     1 |     7 ||     8
       Call Canine Famil |       |     4 ||     4
  Use: Scroll            |     3 |       ||     3
       Potion            |     4 |       ||     4
  Eat: Chunk             |     3 |     1 ||     4
